 Dungeon Crawl Stone Soup version 0.28.0-43-g3370ac3207 (webtiles) character file.

Game seed: 13272137816170250013

8090 mortz the Spear-Bearer (level 11, -5/97 HPs)
             Began as a Hill Orc Fighter on Feb 27, 2022.
             Was an Elder of Beogh.
             Shot with an arrow by a centaur warrior (9 damage)
             ... on level 10 of the Dungeon on Feb 28, 2022.
             The game lasted 01:27:58 (8794 turns).

mortz the Spear-Bearer (Hill Orc Fighter)           Turns: 8794, Time: 01:27:59

Health: -5/97      AC: 13    Str: 22    XL:     11   Next: 25%
Magic:  11/11      EV: 12    Int: 13    God:    Beogh [****..]
Gold:   194        SH:  0    Dex: 12    Spells: 10/10 levels left

rFire   . . .      SeeInvis .   L - +7 glaive of the Ten Friars {vorpal, Int+5, polearm}
rCold   + . .      Faith    .   (shield currently unavailable)
rNeg    . . .      Spirit   .   d - +3 leather armour {rC+}
rPois   +          Reflect  .   (no helmet)
rElec   .          Harm     .   a - scarf {repulsion}
rCorr   .          Rampage  .   i - +0 pair of gloves
Will    .....                   w - +0 pair of boots
Stlth   +.........              y - amulet of regeneration {@e2}
HPRegen 1.06/turn               t - ring of poison resistance
MPRegen 0.12/turn               J - +4 ring of protection

@: marked, repel missiles
A: no striking features
a: Renounce Religion, Smiting, Recall Orcish Followers


You were on level 10 of the Dungeon.
You worshipped Beogh.
Beogh was greatly pleased with you.
You visited 1 branch of the dungeon, and saw 10 of its levels.
You also visited: Sewer.

You collected 490 gold pieces.
You spent 296 gold pieces at shops.


   Skills:
 + Level 9.1 Fighting
 + Level 1.5 Short Blades
 + Level 12.9 Polearms
 + Level 3.8 Throwing
 + Level 8.2 Armour
 + Level 3.2 Dodging
 + Level 1.3 Stealth
 + Level 5.6 Shields
 + Level 0.5 Evocations


You had 10 spell levels left.
You didn't know any spells.
Your spell library contained the following spells:

 Spells                   Type           Power      Damage    Failure   Level
 Magic Dart               Conj           0%         1d3       34%         1
 Summon Small Mammal      Summ           0%         N/A       34%         1
 Searing Ray              Conj           0%         2d4       45%         2
 Call Canine Familiar     Summ           0%         N/A       71%         3
 Ignite Poison            Fire/Tmut/Pois 0%         N/A       71%         3
 Mephitic Cloud           Conj/Pois/Air  0%         N/A       71%         3
 Summon Guardian Golem    Hex/Summ       0%         N/A       71%         3
 Tukima's Dance           Hex            0%         N/A       71%         3
 Fulminant Prism          Conj/Hex       0%         3d6       98%         4
 Passage of Golubria      Tloc           0%         N/A       98%         4
 Freezing Cloud           Conj/Ice/Air   0%         6-21      100%        5
 Yara's Violent Unravell  Hex/Tmut       0%         3d3       100%        5

Inventory:

Hand Weapons
 b - a +3 dagger of freezing {short}
   (You found it on level 4 of the Dungeon)
 x - a +1 dagger of venom {short}
   (You took it off an orc on level 8 of the Dungeon)
 E - a +3 quarterstaff of chaos {staff}
   (You took it off Crazy Yiuf on level 4 of the Dungeon)
 L - the +7 glaive of the Ten Friars (weapon) {vorpal, Int+5, polearm}
   (You found it in a sewer)

   It inflicts extra damage upon your enemies.
   Int:       It affects your intelligence (+5).
Missiles
 e - 178 stones {throwing}
 k - 9 boomerangs {throwing}
 F - 17 poisoned darts (quivered) {throwing}
Armour
 a - a scarf of repulsion (worn)
   (You bought it in a shop on level 8 of the Dungeon)
 d - a +3 leather armour of cold resistance (worn)
   (You took it off Eustachio on level 5 of the Dungeon)
 i - a +0 pair of gloves (worn)
   (You found it on level 1 of the Dungeon)
 w - a +0 pair of boots (worn)
   (You bought it in a shop on level 3 of the Dungeon)
 D - a +0 cloak
   (You found it on level 4 of the Dungeon)
 P - a +0 buckler of protection
   (You found it on level 7 of the Dungeon)
 T - a +0 plate armour
   (You took it off an orc warrior on level 8 of the Dungeon)
Magical Staves
 R - a staff of conjuration {!a@e2staff}
   (You found it on level 8 of the Dungeon)
Jewellery
 t - a ring of poison resistance (left hand)
   (You found it on level 4 of the Dungeon)
 u - a ring of resist corrosion
   (You found it on level 4 of the Dungeon)
 y - an amulet of regeneration (around neck) {@e2}
   (You found it on level 4 of the Dungeon)
 z - a +4 ring of evasion
   (You found it on level 4 of the Dungeon)
 J - a +4 ring of protection (right hand)
   (You found it on level 6 of the Dungeon)
 S - a ring of protection from cold
   (You found it on level 8 of the Dungeon)
 U - an amulet of magic regeneration {@e2}
   (You found it on level 8 of the Dungeon)
Wands
 c - a wand of mindburst (15)
   (You found it on level 7 of the Dungeon)
 n - a wand of iceblast (7)
   (You found it on level 3 of the Dungeon)
 V - a wand of flame (17)
   (You took it off a goblin on level 9 of the Dungeon)
Scrolls
 f - 3 scrolls of summoning
 g - a scroll of teleportation {@r4}
 h - 3 scrolls of enchant weapon
 l - a scroll of identify {@r1}
 o - 3 scrolls of blinking {!r}
 p - a scroll of holy word {unknown}
 q - 3 scrolls of amnesia
 r - a scroll of vulnerability {unknown}
 B - a scroll of torment {unknown}
 C - 3 scrolls of fear
 H - 2 scrolls of magic mapping {!r}
 M - a scroll of fog {unknown}
 N - a scroll of enchant armour {unknown}
 W - a scroll of immolation {unknown}
 X - a scroll of acquirement {unknown}
Potions
 j - a potion of haste {@q3}
 s - a potion of attraction {!q}
 v - a potion of ambrosia
 A - 2 potions of curing {@q1}
 G - a potion of invisibility {unknown}
 I - 2 potions of flight
 K - a potion of brilliance {unknown}
 O - a potion of heal wounds {@q2}
 Q - a potion of mutation {unknown}

Dungeon Overview and Level Annotations

Branches:
Dungeon (10/15)            Temple (0/1) D:5             Orc (0/2) D:9
  Sewer (visited)
   Lair: D:8-11

Altars:
Ashenzari
Cheibriados
Elyvilon
Fedhas
Gozag
Kikubaaqudgha
Makhleb
Nemelex Xobeh
Okawaru
Qazlal
Trog
Vehumet
Xom

Shops:
D:3 [   D:6 ! D:8

* #.h.# .....#
#c#$o #.....#
#.... #....##
#.o.##.....#
#.....y..#
#).....#
#.)y...#
#.@oยง..#
+.ยงo...##
#.#.....#
#.##....###
#..#....#.##
.........<.#
...##.......#
......#.....#
......#......#


You could see a centaur warrior, 2 vampire mosquitoes, a howler monkey, an orc
wizard, a friendly orc warrior and 2 friendly orc priests.


Message History

Found a blossoming altar of Fedhas.
Done exploring.
Done exploring.
(D) Dungeon (T) Temple (O) Orcish Mines
Where to? (Enter - D:9, ? - help)
You swap places.
You swap places.
There is a stone staircase leading down here.
You climb downwards.
There is a stone staircase leading up here.
You swap places.
A sourceless malevolence fills the Dungeon...
With a horrendous wail, an alarm goes off!
A sentinel's mark forms upon you.
You hear a shout!
You hear a bellow!
You hear a shout!
You hear a deafening roar!
You hear an angry buzzing noise.
You hear a shout!
You hear a howl!
You hear a shout!
You hear a roar!
You hear a bellow! x3
You hear an angry hiss.
You hear a shout!
You hear an angry buzzing noise.
You hear two shouts!
You hear an angry buzzing noise. x4; You hear a shout!
You hear an angry buzzing noise.
You hear a shout! x2
Unknown command.
An orc warrior comes into view.
It is wielding a +0 trident and wearing a +1 plate armour of poison resistance.
A meliai comes into view.
It is wielding a +0 hand axe of distortion.
The meliai mumbles some strange prayers to its god against you.
Something smites you! ๐Ÿ˜• HP[-9]
You take 9 damage, and now have 88/97 hp.
You see here a potion of curing {@q1}. ๐Ÿ˜• HP[+1]
The meliai mumbles some strange prayers to its god against you.
Something smites you!
A vampire mosquito comes into view.
The meliai calls down the wrath of its god upon you.
Something smites you! ๐Ÿ˜ฎ HP[-25]
You take 25 damage, and now have 64/97 hp.
MASSIVE DAMAGE!! (PAUSE) Reach: L) +7 glaive of the Ten Friars {vorpal, Int+5, polearm}
Press: ? - help, Dir - move target, f - orc warrior
Aim: an orc warrior, wielding a +0 trident and wearing a +1 plate armour of poison resistance (about 30% to evade the +7 glaive of the Ten Friars)
You reach to attack!
You slice the orc warrior!!
You kill the orc warrior!
Beogh accepts your kill.
Your orc wizard looks more experienced.
A centaur warrior comes into view.
The centaur warrior wields a +0 shortbow.
The centaur warrior shoots an arrow.
The arrow completely misses you. ๐Ÿ˜ฎ HP[+1] Reach: L) +7 glaive of the Ten Friars {vorpal, Int+5, polearm}
Press: ? - help, Dir - move target, f - meliai
Aim: a meliai, wielding a +0 hand axe of distortion and wearing a +0 leather armour (about 41% to evade the +7 glaive of the Ten Friars)
You reach to attack!
You hit the meliai.
A vampire mosquito comes into view.
The meliai hits you but does no damage.
The meliai closely misses your orc wizard.
The meliai hits your orc priest with a +0 hand axe of distortion.
Your orc priest blinks!
The meliai stings you.
Your orc priest hits the meliai from afar with a +0 trident.
An orc wizard comes into view. It is wielding a +0 dagger.
Your orc priest mumbles some strange prayers to Beogh against the meliai.
The meliai struggles to resist.
The meliai hits you with a +0 hand axe of distortion!
The meliai hits your orc wizard with a +0 hand axe of distortion!
Your orc wizard is devoured by a tear in reality.
The meliai stings you.
The centaur warrior shoots an arrow.
The arrow barely misses you.
The arrow hits your orc priest! ๐Ÿ˜ฎ HP[-10]
You take 10 damage, and now have 55/97 hp.
You miss the meliai.
The meliai hits you with a +0 hand axe of distortion!
* * * LOW HITPOINT WARNING * * *
Space warps horribly around you!
* * * LOW HITPOINT WARNING * * *
The meliai stings you but does no damage.
A howler monkey comes into view.
Your orc priest closely misses the meliai.
The centaur warrior shoots an arrow.
The arrow hits you!!
* * * LOW HITPOINT WARNING * * *
The meliai hits you with a +0 hand axe of distortion.
* * * LOW HITPOINT WARNING * * *
Space warps around you.
* * * LOW HITPOINT WARNING * * *
The meliai hits your orc warrior with a +0 hand axe of distortion!
Space warps around your orc warrior. The meliai barely misses you.
Your orc warrior hits the meliai with a +0 mace! ๐Ÿ˜ฑ HP[-52]
You take 52 damage, and now have 3/97 hp.
MASSIVE DAMAGE!! (PAUSE) Unknown command.
You catch the helpless meliai completely off-guard!
You slice the meliai!!
You kill the meliai!
Beogh accepts your kill.
You can now recall your orcish followers.
Beogh appreciates your killing of a heretic priest.
Your orc priest looks more experienced.
The vampire mosquito bites you but does no damage.
The centaur warrior shoots an arrow.
The arrow hits you!
You die...

Skill      XL: |  1  2  3  4  5  6  7  8  9 10 11 |
---------------+----------------------------------+-----
Fighting       | 4 5 7 8 9 |  9.1
Armour         | 4 5 6 7 8 |  8.2
Polearms       | 3 4 5 6 8 10 12 | 12.9
Shields        | 4 5 |  5.6
Dodging        | 1 2 3 |  3.2
Throwing       | 1 2 3 |  3.8
Short Blades   | 1 |  1.5
Stealth        | 1 |  1.3
Evocations     | |  0.5

Action                   |  1- 3 |  4- 6 |  7- 9 | 10-12 || total
-------------------------+-------+-------+-------+-------++-------
Melee: Trident           |   113 |   123 |   291 |       ||   527
       Glaive            |       |       |    62 |   179 ||   241
       Dagger            |       |       |    31 |    23 ||    54
Throw: Dart              |       |     3 |    17 |    10 ||    30
       Stone             |       |       |     1 |       ||     1
Invok: Convert to Beogh  |       |       |     1 |       ||     1
Evoke: Wand              |       |     2 |     1 |       ||     3
  Use: Potion            |       |       |     3 |       ||     3
       Scroll            |       |       |     6 |     8 ||    14
 Stab: Distracted        |       |       |       |     2 ||     2
Armor: Scale mail        |    42 |    45 |       |       ||    87
       Chain mail        |       |       |   156 |       ||   156
       Leather armour    |       |       |    12 |    85 ||    97
Dodge: Dodged            |    35 |    37 |   123 |   116 ||   311
Block: Buckler           |    23 |    21 |    48 |     6 ||    98

Levels and vault maps discovered:
D:1:      ncdulo_halloftheorcs, layout_loops_ring,
          dreamdust_ecumenical_altar_statues, hangedman_decor_growths
D:2:      layout_rooms
D:3:      layout_basic, mainiacjoe_overflow_brackets,
          nicolae_overflow_crystal_walls, serial_shops, nicolae_lakefront_shop,
          kennysheep_generic_room_6
D:4:      layout_layer_cave, uniq_crazy_yiuf_cottage, uniq_ijyb, uniq_grinder
D:5:      layout_loops_cross, elyvilon_altar_3,
          minmay_temple_entry_enclosed_plants, uniq_eustachio, uniq_menkaure
D:6:      layout_basic, mainiacjoe_overflow_concentric_impassable,
          mainiacjoe_overflow_boulevard, portal_sewer_entry_b, serial_shops,
          shop
D:7:      layout_loops_ring
D:8:      minmay_clustersquares, layout_basic, old_standard_altar,
          lemuel_doored_altar, gammafunk_temple_overflow_elements,
          serial_undead, serial_undead_d, serial_undead_e, serial_undead_a,
          serial_undead_a, serial_undead_e, serial_undead_b, special_room
          [special_room_orc], nicolae_shop_sticking_my_neck_out, uniq_grum
D:9:      layout_cave_pools, grunt_temple_overflow_forces_of_nature,
          nemelex_diamond_rough_becter, vehumet_altar_wand_db, david_orc_3,
          minmay_shop_damaged
D:10:     minmay_the_grid_octo_tiled_octocenter [minmay_the_grid_octo_horde,
          minmay_the_grid_octo_empty, minmay_the_grid_octo_checkered,
          minmay_the_grid_octo_vomiting_pacman,
          minmay_the_grid_octo_prize_ultimate_mussel_roller,
          minmay_the_grid_square_5x5_n_small, minmay_the_grid_square_5x5_three,
          minmay_the_grid_square_5x5_minibox,
          minmay_the_grid_square_5x5_one_wall], layout_cave_pools,
          lair_entry_dummy, uniq_erolcha

Notes
Turn   | Place    | Note
-------+----------+-------------------------------------------
     0 | D:1      | mortz the Hill Orc Fighter began the quest for the Orb.
     0 | D:1      | Reached XP level 1. HP: 19/19 MP: 1/1
     0 | D:1      | magus.rc [v1.9.6]
    37 | D:1      | Reached XP level 2. HP: 27/27 MP: 2/2
   195 | D:1      | You fall into a shaft and drop 1 floor!
   336 | D:1      | Reached skill level 4 in Fighting
   474 | D:1      | Reached XP level 3. HP: 33/33 MP: 3/3
   835 | D:1      | Found a faded altar of an unknown god.
  1210 | D:2      | Reached skill level 4 in Armour
  1218 | D:2      | Reached XP level 4. HP: 35/40 MP: 4/4
  1514 | D:3      | Reached skill level 3 in Polearms
  1633 | D:3      | Found an opulent altar of Gozag.
  1719 | D:3      | You pick up a book of Callings and begin reading...
  1719 | D:3      | You add the spells Summon Small Mammal, Call Canine
                  | Familiar and Summon Guardian Golem to your library.
  1757 | D:3      | Found a broken altar of Ashenzari.
  1913 | D:3      | Found Moaniall's Antique Armour Emporium.
  2167 | D:3      | Reached XP level 5. HP: 18/47 MP: 5/5
  2722 | D:4      | Reached skill level 5 in Armour
  2899 | D:3      | Bought a pair of boots for 94 gold pieces
  2978 | D:4      | Reached skill level 4 in Polearms
  2978 | D:4      | Reached XP level 6. HP: 52/53 MP: 6/6
  2982 | D:4      | Noticed Ijyb
  3047 | D:4      | Noticed Grinder
  3101 | D:4      | Killed Ijyb
  3214 | D:4      | You add the spells Tukima's Dance, Passage of Golubria and
                  | Yara's Violent Unravelling to your library.
  3827 | D:4      | Killed Grinder
  3828 | D:4      | Reached skill level 5 in Polearms
  3828 | D:4      | Reached skill level 4 in Shields
  3828 | D:4      | Reached XP level 7. HP: 45/60 MP: 7/7
  3917 | D:4      | Reached skill level 5 in Fighting
  4017 | D:4      | Found a runed translucent door.
  4018 | D:4      | Noticed Crazy Yiuf
  4262 | D:4      | Killed Crazy Yiuf
  4338 | D:5      | Entered Level 5 of the Dungeon
  4349 | D:5      | Reached skill level 6 in Armour
  4349 | D:5      | Reached skill level 1 in Dodging
  4439 | D:5      | Reached skill level 6 in Polearms
  4452 | D:5      | Noticed Menkaure
  4595 | D:5      | Reached XP level 8. HP: 68/68 MP: 8/8
  4641 | D:5      | Became a worshipper of Beogh the Brigand
  4664 | D:5      | Found a staircase to the Ecumenical Temple.
  5128 | D:5      | Reached skill level 7 in Polearms
  5128 | D:5      | Reached skill level 1 in Throwing
  5130 | D:5      | Killed Menkaure
  5197 | D:5      | Found a white marble altar of Elyvilon.
  5197 | D:5      | Noticed Eustachio
  5236 | D:5      | Killed Eustachio
  5289 | D:5      | Reached skill level 7 in Armour
  5600 | D:6      | Reached skill level 8 in Polearms
  5691 | D:6      | Found a glowing drain.
  5713 | Sewer    | Entered a sewer
  5809 | Sewer    | Reached * piety under Beogh
  5996 | Sewer    | Reached skill level 5 in Shields
  5996 | Sewer    | Reached XP level 9. HP: 73/75 MP: 9/9
  6054 | Sewer    | Identified the +7 glaive of the Ten Friars {vorpal, Int+5}
  6063 | Sewer    | You pick up a book of Conjurations {@e2} and begin
                  | reading...
  6063 | Sewer    | You add the spells Magic Dart, Searing Ray and Fulminant
                  | Prism to your library.
  6205 | D:6      | Found a bloodstained altar of Trog.
  6223 | D:6      | Reached skill level 6 in Fighting
  6264 | D:6      | Found a burning altar of Makhleb.
  6315 | D:6      | Reached skill level 9 in Polearms
  6317 | D:6      | Found Ytybor's Distillery.
  6321 | D:6      | Bought a potion of heal wounds for 70 gold pieces
  6674 | D:7      | Reached skill level 10 in Polearms
  6925 | D:7      | Identified the +4 dagger "Nycsic" {venom, Contam rElec
                  | Int+5}
  7088 | D:7      | Reached skill level 2 in Throwing
  7091 | D:7      | Reached skill level 8 in Armour
  7272 | D:8      | Reached skill level 7 in Fighting
  7272 | D:8      | Reached XP level 10. HP: 48/86 MP: 10/10
  7294 | D:8      | Identified a +2 robe of the Archmagi
  7296 | D:8      | Reached ** piety under Beogh
  7327 | D:8      | Reached skill level 1 in Short Blades
  7327 | D:8      | Reached skill level 2 in Dodging
  7327 | D:8      | Reached skill level 1 in Stealth
  7581 | D:8      | Found a shimmering altar of Xom.
  7626 | D:8      | Reached *** piety under Beogh
  7631 | D:8      | Reached skill level 3 in Throwing
  7680 | D:8      | Noticed a two-headed ogre
  7706 | D:8      | Reached skill level 11 in Polearms
  7723 | D:8      | Reached skill level 8 in Fighting
  7780 | D:8      | Noticed a two-headed ogre
  7820 | D:8      | Killed a two-headed ogre
  7830 | D:8      | Killed a two-headed ogre
  7831 | D:8      | Reached skill level 12 in Polearms
  7852 | D:8      | Upgraded the game from 0.28.0-1-gb440e238dd to
                  | 0.28.0-43-g3370ac3207
  7852 | D:8      | magus.rc [v1.9.6]
  7891 | D:8      | Found Citoved's Neck Hole.
  7899 | D:8      | Bought a scarf of repulsion for 132 gold pieces
  7948 | D:8      | Noticed Grum
  7956 | D:8      | Killed Grum
  7961 | D:8      | Reached XP level 11. HP: 91/95 MP: 11/11
  7995 | D:8      | Found a snail-covered altar of Cheibriados.
  8161 | D:8      | Found an iron altar of Okawaru.
  8161 | D:8      | Found an ancient bone altar of Kikubaaqudgha.
  8298 | D:9      | Found a radiant altar of Vehumet.
  8313 | D:9      | Reached skill level 3 in Dodging
  8341 | D:9      | Found a staircase to the Orcish Mines.
  8435 | D:9      | You add the spells Ignite Poison, Mephitic Cloud and
                  | Freezing Cloud to your library.
  8444 | D:9      | Reached **** piety under Beogh
  8473 | D:9      | Noticed a two-headed ogre
  8481 | D:9      | Killed a two-headed ogre
  8482 | D:9      | Reached skill level 9 in Fighting
  8549 | D:9      | Found a stormy altar of Qazlal.
  8652 | D:9      | Found Xitulyq's Lightly-Used Armoury.
  8719 | D:9      | Found a sparkling altar of Nemelex Xobeh.
  8754 | D:9      | Found a blossoming altar of Fedhas.
  8779 | D:10     | Entered Level 10 of the Dungeon
  8791 | D:10     | Noticed a centaur warrior
  8793 | D:10     | HP: 12/97 [centaur warrior/arrow (18)]
  8793 | D:10     | HP: 3/97 [meliai/+0 hand axe of distortion (3)]
  8794 | D:10     | Shot with an arrow by a centaur warrior

Vanquished Creatures
  2 two-headed ogres (D:8)
  Grinder (D:4)
  A meliai (D:10)
  A hornet (D:9)
  A wyvern (D:9)
  Eustachio (D:5)
  2 steam dragons (D:7)
  Grum (D:8)
  Menkaure (D:5)
  An ice beast (D:7)
  3 black bears (D:6)
  A water moccasin (D:6)
  4 orc warriors
  A hornet zombie (D:7)
  A sky beast (D:4)
  6 necrophages
  3 ogres
  3 wolves (D:8)
  7 centaurs
  A phantom (D:4)
  A kobold brigand (D:8)
  8 bullfrogs
  A water moccasin zombie (D:6)
  15 killer bees
  9 wights
  2 bullfrog zombies (D:5)
  4 centaur zombies
  4 orc priests (D:8)
  3 jellies
  Crazy Yiuf (D:4)
  A gnoll shaman (D:5)
  3 hounds
  A centaur skeleton (D:4)
  Ijyb (D:4)
  4 iguanas
  A killer bee zombie (D:8)
  A howler monkey zombie (D:9)
  A mummy (D:8)
  11 gnolls
  4 adders
  A shadow imp (D:8)
  8 dart slugs
  28 orcs
  An endoplasm (D:2)
  13 giant cockroaches
  7 goblins
  5 hobgoblins
  2 jackals (D:1)
  8 kobolds
  10 quokkas
  8 ball pythons
  5 bats
  10 frilled lizards (Sewer)
  9 rats
233 creatures vanquished.

Vanquished Creatures (collateral kills)
  A two-headed ogre (D:9)
  A wraith (D:9)
  2 killer bees
  An orc priest (D:9)
  An orc wizard (D:8)
  2 orcs
8 creatures vanquished.

Vanquished Creatures (others)
  An orc warrior (D:8)
  An orc priest (D:5)
  6 orcs
  2 withered plants (D:8)
10 creatures vanquished.

Grand Total: 251 creatures vanquished

Table legend:
 A = Non-vault XP
 B = Vault XP
 C = Vault XP percentage of total XP
 D = Non-vault monster count
 E = Vault monster count
 F = Vault count percentage of total count
                 A         B        C        D         E       F
            +---------+---------+-------+---------+---------+-------
      Total |    6607 |    5141 |  43.8 |     143 |      98 |  40.7
            +---------+---------+-------+---------+---------+-------
        D:1 |      43 |       0 |   0.0 |      22 |       0 |   0.0
        D:2 |      78 |       0 |   0.0 |      15 |       0 |   0.0
        D:3 |      36 |       4 |  10.0 |      11 |       1 |   8.3
        D:4 |     531 |     381 |  41.8 |      19 |       3 |  13.6
        D:5 |     614 |     342 |  35.8 |      15 |       2 |  11.8
        D:6 |     968 |       7 |   0.7 |      14 |       5 |  26.3
        D:7 |    1232 |       0 |   0.0 |      12 |       0 |   0.0
        D:8 |    1295 |    3905 |  75.1 |      22 |      50 |  69.4
        D:9 |    1810 |      26 |   1.4 |      13 |       3 |  18.8
       D:10 |       0 |     323 | 100.0 |       0 |       2 | 100.0
      Sewer |       0 |     153 | 100.0 |       0 |      32 | 100.0
            +---------+---------+-------+---------+---------+-------

Illustrated notes

Table legend:
 A = Kills in this place as a percentage of kills in entire the game.
 B = Kills by you in this place as a percentage of kills by you in the entire game.
 C = Kills by friends in this place as a percentage of kills by friends in the entire game.
 D = Other kills in this place as a percentage of other kills in the entire game.
 E = Experience gained in this place as a percentage of experience gained in the entire game.
 F = Experience gained in this place divided by the number of levels of this place that you have seen.
                   A       B       C       D       E      F
               +-------+-------+-------+-------+-------+----------------------
         Total | 100.0 | 100.0 | 100.0 |   N/A | 100.0 | 1068.0
       Dungeon |  86.7 |  86.3 | 100.0 |   N/A |  98.7 | 1159.5
         Sewer |  13.3 |  13.7 |   0.0 |   N/A |   1.3 | 153.0
               +-------+-------+-------+-------+-------+----------------------

Table legend: (Time is in decaauts)
 A = Elapsed time spent in this place.
 B = Non-inter-level travel time spent in this place.
 C = Inter-level travel time spent in this place.
 D = Time resting spent in this place.
 E = Time spent auto-exploring this place.
 F = Levels seen in this place.
 G = Mean time per level.
                   A        B        C        D        E       F      G
               +--------+--------+--------+--------+--------+-----+--------+
         Total |   8913 |   8288 |    625 |    543 |   4838 |  11 |  810.3 |
       Dungeon |   8500 |   7875 |    625 |    543 |   4833 |  10 |  850.0 |
         Sewer |    412 |    412 |      0 |      0 |      5 |   1 |  412.0 |
               +--------+--------+--------+--------+--------+-----+--------+

Top non-repeatable levels by time:
     D:4: 1874 daAuts
     D:3: 1144 daAuts
     D:8: 1130 daAuts
     D:5: 975 daAuts
     D:1: 810 daAuts
     D:6: 737 daAuts
     D:2: 667 daAuts
     D:7: 660 daAuts
     D:9: 486 daAuts
   Sewer: 412 daAuts
    D:10: 15 daAuts
